 Dungeon Sprint DCSS version 0.17-a0-1830-g81820eb (webtiles) character file.

891 Kidiri the Blocker (level 8, -22/54 HPs)
             Began as a Gargoyle Fighter on Sept 13, 2015.
             Was a Follower of Okawaru.
             Annihilated by a shadow (30 damage)
             ... in the Dungeon (Sprint III: "The Ten Rune Challenge").
             The game lasted 00:05:01 (1352 turns).

Kidiri the Blocker (Gargoyle Fighter)               Turns: 1352, Time: 00:05:01

Health: -22/54     AC: 14    Str: 21    XL:     8   Next: 6%
Magic:  10/10      EV: 11    Int:  8    God:    Okawaru [*.....]
Gold:   39         SH: 12    Dex: 11    Spells: 0 memorised, 7 levels left

rFire  . . .     SeeInvis .     a - +0 flail
rCold  . . .     Clarity  .     b - +0 scale mail
rNeg   + . .     SustAt   .     c - +0 shield
rPois  ∞         Gourm    .     (no helmet)
rElec  +         Spirit   .     (no cloak)
rCorr  .         Warding  .     (no gloves)
rMut   .         NoTele   +     (no boots)
MR     .....                    (no amulet)
Stlth  ..........               (no ring)
                                (no ring)

@: not resistant to hostile enchantments, extremely unstealthy
A: big wings, rugged brown scales 1, mutation resistance 1, negative energy
resistance 1, electricity resistance, unbreathing, petrification resistance, rot
immunity, AC +5
a: Fly, Heroism, Renounce Religion


You were in the Dungeon.
You worshipped Okawaru.
Okawaru was aware of your devotion.
You were not hungry.

You visited 1 branch You collected 39 gold pieces.

Inventory:

Hand weapons
 a - a +0 flail (weapon)
Armour
 b - a +0 scale mail (worn)
 c - a +0 shield (worn)
Scrolls
 k - a scroll of blinking
 o - a scroll of torment
 s - a scroll of immolation
 t - a scroll of enchant weapon {unknown}
 u - a scroll of enchant armour {unknown}
Potions
 d - a potion of might
 h - a potion of haste
 i - 2 potions of magic
 j - a potion of berserk rage
 n - a potion of invisibility
 q - 4 potions of cure mutation
 r - 3 potions of flight
Comestibles
 e - a bread ration
 p - a meat ration


   Skills:
 + Level 7.2 Fighting
 * Level 8.7 Maces & Flails
 * Level 9.8 Armour
 + Level 4.8 Dodging
 * Level 9.9 Shields
 + Level 3.1 Invocations


You had 7 spell levels left.
You didn't know any spells.

Dungeon Overview and Level Annotations

Branches:
Dungeon (1/1)

Altars:
Cheibriados
Elyvilon
Fedhas
Kikubaaqudgha
Okawaru
Sif Muna
Trog
Vehumet
Yredelemnul
Zin
The Shining One


Innate Abilities, Weirdness & Mutations

You are resistant to torment.
Your stone body is resilient (AC +5).
You are immune to poison.
You resist negative energy.
You are resistant to electric shocks.
You can survive without breathing.
You are immune to petrification.
You are immune to rotting.
Your large and strong wings let you fly indefinitely.
You are partially covered in rugged brown scales (AC +1, +3% HP).
You are somewhat resistant to further mutation.


Message History

You kill the jelly!
Okawaru accepts your kill. The shadow hits you!
* * * LOW HITPOINT WARNING * * *
Unknown command.
Drink which item? (? for menu, Esc to quit)
Okay, then.
You closely miss the shadow.
The shadow is heavily damaged.
The shadow slips into darkness.
The shadow flickers and vanishes!
Deactivating autopickup; reactivate with Ctrl-A.
Unknown command.
There is a fountain of clear blue water here.
You miss something.
The shadow strikes at you from the darkness!
You hit something but do no damage.
The shadow strikes at you from the darkness!
Ouch! That really hurt!
You die...

▓▓▓▓▓▓ ▓▓▓ .#...####
##.############
.#......#####..#___#__[#__#
##..[....#..#..#)..#...#%_#
.##.##...#..#..###+#+###÷##
.##.###..##+#..#..........#
####)##..###...'@⌠........#
##..##..####...#...######'#
....##..###....#.⌠.# ..#
#..##...##.....#...# ...#
..##....#......#'### #..J#
.###..##.#.....#)):# #..%+
.# #..#####....#___# +...#
▓▓ ▓▓▓▓ ▓▓▓▓▓▓▓▓▓▓ ▓▓▓▓▓


There were no monsters in sight!

Vanquished Creatures
  A deep elf priest (D)
  A necrophage (D)
  A water elemental (D)
  A scorpion (D)
  A wizard (D)
  A jelly (D)
  Jessica (D)
  A necromancer (D)
  3 humans (D)
  A kobold demonologist (D)
  An ooze (D)
  2 rats (D)
15 creatures vanquished.

Vanquished Creatures (others)
  2 draconian scorchers (D)
  2 yaktaurs (D)
4 creatures vanquished.

Grand Total: 19 creatures vanquished

Notes
Turn   | Place    | Note
--------------------------------------------------------------
     0 | D        | Kidiri the Gargoyle Fighter began the quest for the Orb.
     0 | D        | Reached XP level 1. HP: 14/14 MP: 1/1
    26 | D        | Killed a yaktaur
    27 | D        | Noticed Jessica
    34 | D        | Killed Jessica
    34 | D        | Reached skill level 4 in Fighting
    34 | D        | Reached skill level 1 in Dodging
    34 | D        | Reached XP level 2. HP: 12/20 MP: 2/2
    34 | D        | Reached XP level 3. HP: 14/24 MP: 3/3
   200 | D        | Killed a white draconian scorcher
   245 | D        | Noticed a scorpion
   257 | D        | Killed a scorpion
   257 | D        | Reached skill level 5 in Armour
   257 | D        | Reached skill level 5 in Shields
   257 | D        | Reached XP level 4. HP: 13/30 MP: 4/4
   263 | D        | Killed a white draconian scorcher
   307 | D        | Killed a yaktaur
   348 | D        | Gained mutation: Your large and strong wings let you fly indefinitely. [potion of mutation]
   348 | D        | Gained mutation: You are somewhat resistant to further mutation. [potion of mutation]
   349 | D        | Gained mutation: You are partially covered in rugged brown scales (AC +1, +3% HP). [potion of mutation]
   433 | D        | Noticed a water elemental
   457 | D        | Killed a water elemental
   457 | D        | Reached skill level 5 in Fighting
   457 | D        | Reached skill level 5 in Maces & Flails
   457 | D        | Reached skill level 6 in Armour
   457 | D        | Reached XP level 5. HP: 10/36 MP: 5/5
   721 | D        | Found an iron altar of Okawaru.
   721 | D        | Found a bloodstained altar of Trog.
   721 | D        | Noticed a human
   721 | D        | Noticed a human
   762 | D        | Killed a human
   762 | D        | Reached skill level 7 in Armour
   762 | D        | Reached XP level 6. HP: 29/42 MP: 6/6
   788 | D        | Killed a human
   788 | D        | Reached skill level 8 in Armour
   930 | D        | Became a worshipper of Warmaster Okawaru
  1030 | D        | Found a radiant altar of Vehumet.
  1031 | D        | Found a deep blue altar of Sif Muna.
  1031 | D        | Found an ancient bone altar of Kikubaaqudgha.
  1031 | D        | Noticed a wizard
  1036 | D        | Reached XP level 7. HP: 48/48 MP: 7/7
  1044 | D        | Killed a wizard
  1081 | D        | Found a glowing silver altar of Zin.
  1082 | D        | Found a glowing golden altar of the Shining One.
  1082 | D        | Found a white marble altar of Elyvilon.
  1082 | D        | Noticed a deep elf priest
  1099 | D        | Killed a deep elf priest
  1099 | D        | Reached skill level 9 in Armour
  1276 | D        | Found a snail-covered altar of Cheibriados.
  1276 | D        | Noticed a necrophage
  1283 | D        | Killed a necrophage
  1283 | D        | Acquired Okawaru's first power
  1284 | D        | Noticed a necromancer
  1288 | D        | Killed a necromancer
  1288 | D        | Reached XP level 8. HP: 46/54 MP: 8/10
  1289 | D        | Found a basalt altar of Yredelemnul.
  1289 | D        | Found a blossoming altar of Fedhas.
  1332 | D        | Noticed a jelly
  1333 | D        | Noticed a shadow
  1345 | D        | Killed a jelly
  1352 | D        | Annihilated by a shadow

Vault maps used:
D:        dungeon_sprint_mu

Action                   |  1- 3 |  4- 6 |  7- 9 || total
-------------------------+-------+-------+-------++-------
Melee: Flail             |    17 |    67 |    47 ||   131
  Use: Potion            |       |     5 |       ||     5
       Scroll            |       |     3 |       ||     3
  Eat: Bread ration      |       |       |     1 ||     1
